Map: Port Aleksander LE

Players

lIlIlIlIIIll

  • Race: Protoss Protoss
  • League: Master
  • Spawn Location: 5:00

Lambo - Winner!

  • Race: Zerg Zerg
  • League: Master
  • Spawn Location: 11:00

VOD

Have the link to the VOD?

Description

Time

  • Played on: Jan. 24, 2019, 10:13 a.m.
  • Length: 7:47
Show
View Real Time Build Order
Export as new Build Order

lIlIlIlIIIll Protoss 

Build Orders: 1 Gate Expand, Phoenix Opening, Zealot Archon 

Get SALT Encoding   

  12  0:00  Probe  
  13  0:12  Probe  
  14  0:20  Pylon  
  14  0:24  Probe  
  15  0:34  Probe  
  15  0:42  Probe  
  16  0:44  Gateway  
  17  0:51  Assimilator  
  17  0:56  Probe  
  18  1:08  Probe  
  19  1:20  Probe  
  20  1:31  Nexus  
  21  1:39  Cybernetics Core  
  20  1:43  Probe  
  21  1:55  Probe  
  21  1:56  Assimilator  
  22  2:04  Pylon  
  22  2:07  Probe  
  23  2:13  Adept  
  23  2:22  Probe  
  26  2:25  Stargate  
  26  2:34  Adept, Probe, Warp Gate  
  26  2:43  Probe  
  29  2:46  Probe  
  30  2:55  Probe  
  31  2:58  Probe  
  32  3:07  Probe  
  32  3:08  Phoenix  
  32  3:10  Probe  
  36  3:19  Probe  
  36  3:23  Probe  
  36  3:24  Adept  
  39  3:31  Gateway  
  39  3:32  Probe  
  39  3:33  Phoenix  
  42  3:35  Probe  
  43  3:45  Robotics Facility  
  43  3:46  Probe  
  45  3:58  Phoenix, Pylon  
  46  4:10  Assimilator  
  46  4:13  Forge  
  46  4:14  Probe  
  46  4:15  Pylon  
  46  4:16  Probe, Twilight Council  
  47  4:22  Probe  
  47  4:24  Warp Prism, Probe  
  50  4:34  Protoss Air Weapons Level 1  
  50  4:37  Probe, Zealot  
  55  4:40  Probe  
  56  4:46  Phoenix  
  56  4:49  Protoss Ground Weapons Level 1  
  59  4:53  Charge  
  59  4:57  Zealot  
  59  4:59  Zealot  
  62  5:02  Pylon  
  62  5:03  Pylon  
  62  5:20  Probe x2  
  64  5:22  Pylon  
  64  5:24  Phoenix  
  64  5:28  Zealot x2  
  70  5:32  Probe x2  
  72  5:44  Probe x2  
  72  5:48  Photon Cannon  
  72  5:49  Zealot  
  76  5:53  Phoenix  
  76  5:56  Probe x2  
  80  6:08  Probe x2  
  82  6:12  Adept  
  82  6:16  Nexus  
  84  6:20  Zealot  
  86  6:26  Templar Archives  
  86  6:27  Assimilator  
  86  6:39  Gateway  
  86  6:40  Probe x2  
  86  6:41  Gateway  
  86  6:43  Gateway  
  78  7:03  Pylon  
  78  7:05  Pylon  
  78  7:14  Probe x2  
  76  7:20  High Templar  
  76  7:21  High Templar  
  78  7:22  Pylon  
  78  7:26  Archon  
  78  7:33  Gateway  
  78  7:34  Zealot  
  78  7:35  Zealot  
  82  7:37  Pylon  
Show
View Real Time Build Order
Export as new Build Order

Lambo Zerg - Winner!

Build Orders: Hatch First 

Get SALT Encoding   

  12  0:00  Drone  
  13  0:13  Overlord  
  13  0:18  Drone  
  14  0:31  Drone x2  
  16  0:49  Hatchery  
  15  0:52  Drone  
  15  0:56  Drone  
  17  0:59  Drone  
  18  1:10  Extractor  
  17  1:14  Spawning Pool  
  17  1:17  Drone  
  17  1:21  Drone  
  18  1:28  Drone  
  19  1:40  Drone  
  20  1:51  Overlord  
  20  2:01  Queen x2  
  20  2:02  Zergling x4  
  26  2:11  Metabolic Boost  
  26  2:12  Drone  
  26  2:14  Drone  
  28  2:27  Drone x2  
  30  2:37  Hatchery  
  30  2:39  Drone  
  30  2:42  Drone  
  31  2:45  Drone  
  32  2:51  Drone  
  32  2:59  Queen  
  32  3:00  Overlord  
  34  3:08  Drone  
  35  3:18  Drone x2  
  35  3:19  Drone  
  38  3:25  Zergling x2  
  38  3:26  Drone x2  
  41  3:29  Drone x2  
  41  3:30  Overlord  
  43  3:38  Drone  
  44  3:44  Drone, Spore Crawler  
  44  3:46  Overlord  
  44  3:48  Queen  
  44  3:51  Drone  
  44  3:53  Drone x3  
  50  3:57  Overlord  
  50  4:04  Queen  
  50  4:07  Spore Crawler  
  50  4:08  Drone x4  
  53  4:12  Zergling x2  
  53  4:13  Zergling x2  
  53  4:14  Drone x2  
  53  4:16  Drone x2  
  59  4:23  Drone x4  
  63  4:27  Evolution Chamber  
  62  4:34  Overlord  
  62  4:38  Overlord, Baneling Nest  
  62  4:42  Overlord  
  61  4:47  Overlord x2  
  61  4:48  Overlord x2  
  61  4:56  Zerg Melee Weapons Level 1  
  61  4:58  Drone x4  
  61  4:59  Drone, Spore Crawler  
  65  5:01  Drone x5  
  65  5:06  Lair  
  70  5:12  Zergling x4  
  71  5:17  Extractor, Queen x2  
  71  5:18  Extractor, Zergling x2  
  71  5:19  Zergling x4  
  75  5:24  Zergling x10  
  80  5:30  Zergling x4  
  82  5:39  Spore Crawler  
  79  5:43  Drone x2  
  79  5:44  Drone x2  
  79  5:45  Extractor, Overlord  
  79  5:46  Extractor  
  79  5:48  Drone x3  
  84  5:51  Zergling x6  
  87  6:00  Zergling x10  
  91  6:07  Queen  
  91  6:09  Hydralisk Den  
  91  6:10  Extractor, Zergling x4  
  93  6:16  Zergling x2  
  93  6:18  Pneumatized Carapace  
  92  6:22  Baneling x6  
  92  6:25  Drone x3  
  95  6:29  Baneling x6  
  95  6:30  Zergling x14  
  102  6:35  Zergling x8  
  103  6:41  Zergling x2  
  104  6:52  Hydralisk, Zergling x4  
  104  6:54  Zergling x2  
  106  6:58  Hydralisk  
  106  6:59  Hydralisk x3  
  112  7:06  Hydralisk  
  112  7:07  Overlord  
  113  7:10  Overlord  
  113  7:11  Overlord  
  113  7:13  Overlord  
  110  7:16  Overlord  
  110  7:17  Zergling x8  
  110  7:22  Overlord  
  111  7:25  Zergling x2  
Tags
 
Add a new tag
Caveats
  • Supply blocks, unpowered buildings, or Contaminate may cause inaccurate times.
  • Supply counts are checked every 10 seconds.